[Event "*** Titled Tuesday Blitz"]
[Site "Chess.com"]
[Date "2018.09.04"]
[Round "10"]
[White "Kurai"]
[Black "Vegan4future"]
[Result "1/2-1/2"]
[WhiteElo "2433"]
[BlackElo "2393"]
[TimeControl "180+2"]
[EndTime "15:55:05 PDT"]
[Termination "Game drawn by repetition"]

1. e4 e5 2. Nf3 Nc6 3. Bb5 a6 4. Ba4 Nf6 5. O-O Nxe4 6. d4 b5 7. Bb3 d5 8. dxe5 Be6 9. Qe2 Be7 10. Rd1 O-O 11. c4 bxc4 12. Bxc4 Bc5 13. Be3 Bxe3 14. Qxe3 Qb8 15. Bb3 Na5 16. Nbd2 Qa7 17. Qxa7 Rxa7 18. Rac1 c5 19. Nxe4 Nxb3 20. axb3 dxe4 21. Nd2 e3 22.
fxe3 Rb7 23. Rxc5 Bxb3 24. Ra1 Be6 25. b3 h6 26. Rc3 Rd8 27. Nc4 Rc7 28. Rxa6 Rb8 29.
h3 Rb4 30. Rd3 Bxc4 31. bxc4 Rbxc4 32. e6 fxe6 33. Rxe6 Rc1+ 34. Kh2 R1c2 35. Re4 Rb7 36. Rg4 Re7 37. Kg3 Kh7 38. Kf3 Ra2 39. Rdd4 Ra6 40. e4 Ra3+ 41. Kf2 Ra2+ 42. Kg1 Ra1+ 43. Kh2 Re1 44.
Kg3 Rf7 45. h4 Re3+ 46. Kh2 Re2 47. h5 Re7 48. Kg3 Rf7 49. Rd3 Rff2 50. Kh3 Rf7 51. Kg3 Rff2 52. Kh3 Rf7 53. Rf3 Re7 54. Rff4 Re3+ 55.
Kh2 Re5 56. Rh4 Rg5 57. Kg1 Re2 58. Rfg4 Re5 59. Kf1 Ra2 60. Rf4 Rb5 61. Kg1 Rg5 62. Rfg4 Re5 63. Kh2 Raa5 64. Kg3 Rxh5 65. Rxh5 Rxh5 66.
Kf4 Ra5 67. Rg3 Kg8 68. Rb3 Kf7 69. Rb7+ Kg6 70. Rb6+ Kf7 71. e5 g6 72. Rf6+ Kg7 73. Rb6 Kf7 74. Ke4 Ra7 75. Kd5 Ra5+ 76. Kd6 Ra1 77.
Rb7+ Kf8 78. Ke6 Ra6+ 79. Kd5 Ra5+ 80. Kd6 Ra6+ 81. Kd7 Kf7 82. Rb2 Ra7+ 83. Kd6 Ra6+ 84. Kd7 Ra7+ 85. Kd6 Ra6+ 86. Kd5 Ra5+ 87. Ke4 Ra4+ 88.
Kd5 Ra5+ 89. Kd4 Ra4+ 90. Kd5 Ra5+ 1/2-1/2

[Event "*** Titled Tuesday Blitz"]
[Site "Chess.com"]
[Date "2018.09.04"]
[Round "10"]
[White "dimke2802"]
[Black "GHANDEEVAM2003"]
[Result "0-1"]
[WhiteElo "2454"]
[BlackElo "2695"]
[TimeControl "180+2"]
[EndTime "15:55:14 PDT"]
[Termination "GHANDEEVAM2003 won by checkmate"]

1. d4 Nf6 2. Nf3 g6 3. c4 Bg7 4. g3 O-O 5. Bg2 d6 6. O-O Nc6 7. Nc3 Bf5 8. d5 Na5 9. Nd4 Bd7 10. Qd3 Ng4 11. f4 c5 12. Nc2 a6 13. Rb1 b5 14. b3 Rb8 15. Bd2 Qc7 16. h3 Nh6 17. e4 f5 18. Ne3 Bd4 19. Kh1 Bxe3 20. Bxe3 b4 21. Ne2 fxe4 22. Qc2 Rbe8 23. g4 e6 24. Ng3 exd5 25. cxd5 Bb5 26. Rf2 Bd3 27. Qb2 Bxb1 28. Qxb1 c4 29. f5 Qg7 30. Qc1 cxb3 31. Bxh6 Qc3 32.
Qxc3 bxc3 33. axb3 e3 34. Rc2 Rf7 35. Rxc3 Rfe7 36.
f6 e2 37. Nxe2 Rxe2 38. Rc7 Rf2 39. g5 Nxb3 40. Kg1 Rf5 41. Be4 Rf4 42. h4 Nc5 43. Bg2 Nd3 44. Bh3 Re1+ 45. Kh2 Rf2+ 46. Bg2 Re8 47.
Rg7+ Kh8 48. Kg3 Rf5 49. Ra7 Kg8 50. Rg7+ Kh8 51. Ra7 Nf4 52. Bg7+ Kg8 53. Bh6 Nh5+ 54. Kh2 Nf4 55. Kg3 Nxg2 56. Kxg2 Rc8 57. Rg7+ Kh8 58.
Rb7 Rxd5 59. Bg7+ Kg8 60. Bh6 Rf5 61. Rb6 Rd8 62. Rxa6 d5 63. Ra3 d4 64. Rd3 Kf7 65.
Kg3 Ke6 66. Kg4 Rd7 67. h5 Kd5 68. hxg6 hxg6 69. Rd1 Kc4 70. Rc1+ Kd3 71. Rc8 Ke2 72. Rg8 d3 73. Rxg6 d2 74. Kxf5 d1=Q 75. Rg7 Qd3+ 76. Kg4 Rxg7 77. Bxg7 Qg6 78. Kf4 Kd3 79. Ke5 Qxg5+ 80. Ke6 Ke4 81. f7 Qxg7 82. Ke7 Ke5 83. Ke8 Ke6 84. f8=Q Qd7# 0-1

[Event "*** Titled Tuesday Blitz"]
[Site "Chess.com"]
[Date "2018.09.04"]
[Round "10"]
[White "danyuffa"]
[Black "Arash_Tahbaz"]
[Result "1/2-1/2"]
[WhiteElo "2732"]
[BlackElo "2773"]
[TimeControl "180+2"]
[EndTime "15:55:28 PDT"]
[Termination "Game drawn - insufficient material"]

1. d4 g6 2. c4 Bg7 3. Nc3 e6 4. Nf3 Ne7 5. g3 d5 6. Bg2 O-O 7. O-O dxc4 8. Qa4 a6 9. Qxc4 b5 10. Qb3 Bb7 11. Rd1 Nd7 12. e4 Qc8 13. Bf4 c5 14. Bd6 c4 15. Qa3 Nc6 16. b3 Rd8 17. e5 Nb6 18. Bc5 Nd7 19. Bd6 Nb6 20. Ne4 b4 21.
Qc1 c3 22. Qg5 Nd5 23. Qh4 h6 24. Rac1 a5 25. Bc5 Qc7 26. Bd6 Qc8 27. Bc5 Rd7 28.
Nd6 Qc7 29. Nxb7 Qxb7 30. Ne1 a4 31. Nc2 axb3 32. axb3 Ra2 33. Qe4 Rd8 34. Ra1 Rda8 35. Rxa2 Rxa2 36. Ne3 Nce7 37. Bxe7 Qxe7 38. Nxd5 exd5 39.
Qxd5 Qa7 40. e6 fxe6 41. Qxe6+ Qf7 42. Qxf7+ Kxf7 43. Be4 g5 44. d5 Kf6 45. d6 Ke5 46. d7 Bf6 47. Bg6 Bd8 48. g4 Rb2 49.
Rb1 Ra2 50. Rd1 Rb2 51. Rb1 Rd2 52. Re1+ Kd6 53. Bf5 Bb6 54. Re6+ Kc7 55. Re8 Kc6 56. Rc8+ Bc7 57. Re8 Bb6 58. Rc8+ Bc7 59. Re8 c2 60. Bxc2 Rxc2 61. d8=Q Bxd8 62. Rxd8 Rc3 63. Rh8 Rxb3 64. Rxh6+ Kc5 65. Rh8 Rd3 66. h4 Rd4 67. hxg5 Rxg4+ 68. Kf1 Rxg5 69. Ke2 Rd5 70. f4 Kc4 71. Rb8 b3 72. Ke3 Kc3 73. Rc8+ Kb4 74. Rb8+ Kc3 75. Rc8+ Kb2 76.
Ke4 Rd1 77. f5 Re1+ 78. Kd5 Rf1 79. Ke6 Ka2 80. Ra8+ Kb1 81. Rb8 b2 82. f6 Ka1 83.
f7 b1=Q 84. Rxb1+ Kxb1 85. Ke7 Rxf7+ 86. Kxf7 1/2-1/2

[Event "*** Titled Tuesday Blitz"]
[Site "Chess.com"]
[Date "2018.09.04"]
[Round "10"]
[White "Abund"]
[Black "rasmussvane"]
[Result "1/2-1/2"]
[WhiteElo "2482"]
[BlackElo "2658"]
[TimeControl "180+2"]
[EndTime "15:55:46 PDT"]
[Termination "Game drawn by agreement"]

1. d4 Nf6 2. c4 e6 3. Nf3 d5 4. Nc3 c6 5. e3 Nbd7 6. Qc2 Bd6 7.
b3 O-O 8. Bd3 e5 9. cxd5 cxd5 10.
Nb5 Bb4+ 11. Bd2 Bxd2+ 12. Nxd2 a6 13. dxe5 Nxe5 14. Nd4 Bg4 15. Bf5 Bh5 16. O-O Qd6 17.
Bh3 Nfg4 18. Qf5 Bg6 19. Qf4 Nf6 20. Nf5 Bxf5 21. Bxf5 Rfd8 22. Rfd1 g6 23. Bh3 Qe7 24. Nf1 Nh5 25. Qd4 Nc6 26. Qg4 Qe5 27. Ng3 Nf6 28. Qf3 d4 29. exd4 Rxd4 30. Rxd4 Nxd4 31. Qd1 Rd8 32. Rc1 h5 33. Qe1 Qf4 34. Rd1 Qg5 35. Kh1 Re8 36. Qf1 Nc6 37. Ne2 Ne4 38. f3 Nd2 39.
Qe1 Rd8 40. Ng3 h4 41. Ne2 Nb4 42. Ng1 Nc2 43. Qe2 Qd5 44. Bg4 Qd3 45. Qxd3 Rxd3 46.
Ne2 Ne3 47. Rc1 f5 48. Bh3 b5 49. Nf4 Rd6 50. g3 Nxf3 51. gxh4 Nxh4 52. Re1 Kf7 53.
Bf1 Nxf1 54. Rxf1 g5 55. Ne2 f4 56. Nxf4 Rf6 57. Rd1 gxf4 58. Kg1 Rg6+ 59. Kf1 Rg2 60. Rd4 Rxh2 61. Rxf4+ Ke6 62. a4 Nf5 63. axb5 axb5 64. Re4+ Kd5 65. Re8 Rb2 66. Rf8 Ke4 67. Ke1 Rxb3 68.
Kd2 Rd3+ 69. Kc2 Nd4+ 70. Kb2 Rb3+ 71. Ka2 Rc3 72. Kb2 Rc4 73. Rd8 Kd3 74. Rd7 Rb4+ 75. Ka3 Rb3+ 76. Ka2 Rc3 77. Kb2 b4 78. Rd8 Rc2+ 79.
Kb1 b3 80. Rd7 Rd2 81. Kc1 b2+ 82. Kb1 Kc3 83. Rc7+ Kb4 84. Rd7 Kb3 85. Rxd4 Re2 86. Rd3+ Kc4 87. Rh3 Rd2 88. Rg3 Rf2 89. Rh3 Kb4 90.
Re3 Kc4 91. Rg3 Rd2 92. Rf3 Rd4 93. Kxb2 Kb4 1/2-1/2

[Event "*** Titled Tuesday Blitz"]
[Site "Chess.com"]
[Date "2018.09.04"]
[Round "10"]
[White "SARGISMV"]
[Black "Barcelona_Guy"]
[Result "0-1"]
[WhiteElo "2489"]
[BlackElo "2560"]
[TimeControl "180+2"]
[EndTime "15:56:21 PDT"]
[Termination "Barcelona_Guy won by checkmate"]

1. Nf3 Nf6 2. c4 e6 3. Nc3 d5 4. d4 c5 5. cxd5 Nxd5 6. e4 Nxc3 7. bxc3 cxd4 8. cxd4 Bb4+ 9. Bd2 Bxd2+ 10. Qxd2 O-O 11. Bb5 b6 12. O-O Bb7 13. Rfe1 Nd7 14. Rad1 Nf6 15. Qf4 Rc8 16. h4 h6 17. Bd3 Re8 18. e5 Nd7 19. Re3 Nf8 20. Nd2 Qe7 21.
Rg3 Kh8 22. Be4 Ba6 23. h5 Red8 24. Bb1 Be2 25. Re1 Bxh5 26. Ne4 Rxd4 27. Rh3 Bg6 28. Rxh6+ gxh6 29. Qxh6+ Nh7 30. Nf6 Qf8 31. Qe3 Rcd8 32. Bxg6 fxg6 33. Qh3 Qg7 34. Re3 Rf4 35. Qxe6 Nxf6 36.
exf6 Qxf6 37. Rh3+ Kg7 38. Qc6 Rfd4 39. Rh7+ Kxh7 40.
Qxf6 R8d7 41. f3 Rd1+ 42. Kh2 R1d2 43. a4 Re2 44. Qh4+ Kg7 45. Qf4 Rdd2 46. Qc7+ Kf8 47. Qb8+ Kg7 48. Qxa7+ Kh6 49. Qxb6 Rxg2+ 50. Kh3 Rh2+ 51.
Kg3 Rdg2+ 52. Kf4 Rb2 53. Qe3 Rbe2 54. Qc5 Rh4+ 55. Kg3 Rxa4 56. Qf8+ Kg5 57. Qd8+ Kh6 58. Qh8+ Kg5 59. Qd8+ Kh6 60. Qh8+ Kg5 61. f4+ Rxf4 62.
Qd8+ Rf6 63. Qd5+ Rf5 64. Qd8+ Rf6 65. Qa5+ Kh6 66. Qd8 Re3+ 67. Kg2 Ref3 68. Qh8+ Kg5 69. Qd8 Rf2+ 70. Kg3 Rf3+ 71. Kg2 Rf5 72. Qe7 Kg4 73.
Qe2+ Rf3 74. Qe4+ R3f4 75. Qe2+ Kh4 76. Qe1+ Kg5 77. Qe5+ R6f5 78. Qe3 Kh5 79. Qe2+ Rg4+ 80. Kh3 Rf4 81. Qd1 Kh6 82. Qd2 Rh4+ 83. Kg3 Rg4+ 84. Kh3 Rh4+ 85. Kg3 Kh5 86. Qd5+ g5 87. Qd1+ Rfg4+ 88.
Kf2 Rh2+ 89. Kf3 Rh3+ 90. Kf2 Kh4 91. Qe1 Rgg3 92. Qe8 Rh2+ 93. Kf1 Rf3+ 94. Kg1 Rhf2 95. Qh8+ Kg3 96. Qe5+ Kg4 97. Qe6+ Rf5 98. Qe4+ Kg3 99. Qd3+ R2f3 100. Qd6+ R5f4 101. Qe5 Rf1# 0-1

[Event "*** Titled Tuesday Blitz"]
[Site "Chess.com"]
[Date "2018.09.04"]
[Round "10"]
[White "colemman"]
[Black "W_Amadeus"]
[Result "0-1"]
[WhiteElo "2459"]
[BlackElo "2596"]
[TimeControl "180+2"]
[EndTime "15:56:44 PDT"]
[Termination "W_Amadeus won by resignation"]

1. d4 d6 2. Nf3 Nf6 3. Nbd2 Bf5 4. Nh4 Bc8 5. g3 g6 6. Bg2 Bg7 7. O-O O-O 8. Nc4 d5 9. Ne5 Nbd7 10. Bf4 c6 11. c3 Qb6 12. Qb3 Ne4 13. Nhf3 Nxe5 14.
Bxe5 Bg4 15. Bxg7 Kxg7 16. Rfd1 Qxb3 17. axb3 a6 18. h3 Bxf3 19. Bxf3 Nd6 20. Re1 Rfe8 21. e4 dxe4 22. Bxe4 Nxe4 23. Rxe4 e6 24. Ra5 Rad8 25. Kf1 Kf8 26. Ke2 Rd5 27. b4 f6 28. Kd3 Kf7 29.
Kc4 g5 30. h4 h6 31. Kd3 Red8 32. Kc4 Re8 33. Re2 Red8 34. Ra1 Rf5 35. Rae1 Rd6 36.
Rh1 g4 37. Ra1 Rdd5 38. Rae1 e5 39. dxe5 fxe5 40. Re4 h5 41. R1e2 Kf6 42. R4e3 Ke6 43. Kb3 Rd1 44. f3 gxf3 45. Rf2 Rg1 46. Rfxf3 Rxf3 47. Rxf3 e4 48. Re3 Ke5 49. Kc4 b6 50. Kb3 Rg2 51.
Ka3 Rf2 52. Re1 Rg2 53. Re3 Rf2 54. Re1 Rf3 55. Rg1 e3 56. Kb3 Ke4 57. Kc2 Rf2+ 58.
Kc1 Kf3 59. g4 hxg4 60. h5 g3 61. h6 g2 62. h7 Rf1+ 63. Kc2 Rxg1 64. h8=Q Rc1+ 65.
Kxc1 g1=Q+ 66. Kc2 Qg6+ 67. Kb3 Qe6+ 68. Kc2 e2 69. Qh5+ Kf4 70. Qh4+ Kf5 71. Kd2 Qb3 72. Qf2+ Kg5 73. Qg3+ Kh5 74. Qh2+ Kg5 75. Qg2+ Kf6 76. Qf3+ Kg5 77. Qg2+ Kh4 78. Qf2+ Kh3 79. Qf3+ Kh4 80. Qe4+ Kg5 81. Qe3+ Kf5 82. Qd3+ Kg5 83. Qe3+ Kf5 84. Qf2+ Kg5 85. Qg3+ Kf5 86. Qh3+ Kg5 87. Qg2+ Kf5 88. Qf3+ Kg5 89. Kxe2 Qxb2+ 90. Kd3 Qb1+ 91. Kd4 Qg6 92. Qe3+ Kh5 93. Qe5+ Kh6 94. Qh8+ Qh7 95. Qf8+ Qg7+ 96.
Qxg7+ Kxg7 97. Ke5 Kf7 98. Kd6 a5 99. bxa5 bxa5 100. Kc5 Ke6 101. c4 Kd7 102. Kd4 Kd6 103. Kd3 Kc5 104. Kc3 a4 105. Kd3 Kb4 106. Kd4 a3 107. c5 a2 0-1

[Event "*** Titled Tuesday Blitz"]
[Site "Chess.com"]
[Date "2018.09.04"]
[Round "10"]
[White "LuisFSiles"]
[Black "twitchTriniCupid"]
[Result "1/2-1/2"]
[WhiteElo "2184"]
[BlackElo "2209"]
[TimeControl "180+2"]
[EndTime "15:56:47 PDT"]
[Termination "Game drawn by agreement"]

1. e4 c6 2. d4 d5 3. e5 Bf5 4.
h4 h6 5. g4 Be4 6. f3 Bg6 7.
h5 Bh7 8. e6 Qd6 9. exf7+ Kxf7 10. Bd3 Bxd3 11. Qxd3 Nd7 12. f4 e6 13. Qg6+ Ke7 14.
Nf3 Ngf6 15. Ne5 Rg8 16. Qf7+ Kd8 17. g5 hxg5 18. fxg5 Nxe5 19. dxe5 Qxe5+ 20. Kd1 Qd4+ 21. Bd2 Qe4 22. Re1 Qf3+ 23. Kc1 Qxh5 24. Qxe6 Qe8 25. gxf6 Qxe6 26. Rxe6 Kd7 27. f7 Rh8 28. Re1 Rh5 29.
Rf1 Ke6 30. Nc3 Rf5 31. Rxf5 Kxf5 32. Ne2 Ke6 33. Bc3 Kxf7 34. Kd2 Re8 35. Rf1+ Kg8 36. Nf4 Re4 37. Ng6 Bd6 38. Rg1 Kf7 39. Nh8+ Ke6 40. Bxg7 Bf4+ 41. Kd1 Kf5 42. Ng6 Bg5 43. Nf8 Re8 44.
Nh7 Bf4 45. Bc3 Re7 46. Nf8 Rf7 47. Ng6 Be3 48. Nh4+ Ke4 49. Rg4+ Rf4 50. Rxf4+ Bxf4 51. Ng2 Bg3 52. Ke2 c5 53. Bd2 c4 54. c3 a5 55. Be3 Be5 56. Bb6 a4 57. a3 Bg3 58.
Ne1 Bf4 59. Nf3 Bc1 60. Nd2+ Ke5 61. Bc7+ Kf5 62. Bd6 Bxb2 63. Bb4 Bc1 64. Kd1 Bxd2 65. Kxd2 Ke4 66. Bc5 Kf3 67. Bd4 Kf4 68. Ke2 Ke4 69. Bg7 Kf4 70. Bh6+ Ke4 71. Be3 b5 72. Bc5 Kf4 73.
Bb4 Ke4 74. Bc5 Kf4 75. Bf2 Ke4 76. Be3 b4 77. cxb4 d4 78. b5 c3 79. Bc1 d3+ 80. Kd1 Kd5 81. Be3 d2 82. Kc2 Kd6 83. Bd4 Kd5 84. b6 Kc6 85. Be3 Kb7 86. Bd4 Kc6 87.
Bxc3 d1=Q+ 88. Kxd1 Kxb6 89. Kc2 Kb5 90. Kd3 Kc5 91.
Bb4+ Kb5 92. Kd4 Kc6 93. Ke5 Kc7 94. Ke6 Kc6 95. Ke7 Kc7 96. Bd2 Kc8 97. Kd6 Kb7 98. Kc5 Kc7 99. Kb5 Kb7 100. Be3 Kc7 101. Ka6 Kb8 102. Bd4 Ka8 103. Kb5 Kb7 104. Bb6 Kc8 105. Be3 Kb7 106. Bf4 Ka7 107. Ka5 Kb7 108. Be3 Kc7 109. Ka6 Kb8 110. Bf2 Ka8 111. Bg1 Kb8 112. Bd4 Ka8 1/2-1/2

[Event "*** Titled Tuesday Blitz"]
[Site "Chess.com"]
[Date "2018.09.04"]
[Round "10"]
[White "ENEASZ"]
[Black "Blitzstream"]
[Result "1-0"]
[WhiteElo "2562"]
[BlackElo "2581"]
[TimeControl "180+2"]
[EndTime "15:56:49 PDT"]
[Termination "ENEASZ won by resignation"]

1. e4 d5 2. exd5 Qxd5 3. Nc3 Qa5 4. d4 Nf6 5. Nf3 c6 6. Bc4 Bf5 7. Ne5 e6 8. g4 Bg6 9. h4 Nbd7 10.
Nxd7 Nxd7 11. h5 Be4 12. O-O Bd5 13. Bd3 Qc7 14. Nxd5 cxd5 15. f4 Bd6 16. Qf3 O-O-O 17. Be3 Kb8 18. b3 g6 19. h6 f6 20. c4 e5 21. c5 Bxc5 22. dxc5 e4 23. Bxe4 dxe4 24. Qxe4 Rhe8 25. Qf3 f5 26. g5 Re4 27. Rfd1 Rde8 28.
Rd3 Nf8 29. Rc1 Ne6 30. c6 Nxf4 31. cxb7 Rxe3 32. Rxc7 Re1+ 33. Kf2 Nxd3+ 34. Qxd3 Kxc7 35. Qb5 R1e2+ 36. Kf3 R2e3+ 37. Kf2 Re2+ 38. Kf3 R2e3+ 39.
Kf2 Re2+ 40. Kf3 Kb8 41. a4 R2e5 42. Qc6 R5e6 43. Qb5 R8e7 44. Qc5 Kxb7 45. a5 a6 46. b4 Re3+ 47. Kf2 Re2+ 48. Kf3 R2e3+ 49. Kf2 R3e6 50.
Qd5+ Kc7 51. Qc5+ Kb7 52. Qd5+ Kb8 53. b5 Re2+ 54. Kf3 R2e3+ 55. Kf2 axb5 56. Qxb5+ Ka8 57. Qc6+ Kb8 58. a6 Re2+ 59. Kf3 R2e3+ 60. Kf2 Re2+ 61. Kf3 R2e6 62. Qb5+ Ka7 63. Qc5+ Kxa6 64. Qa3+ Kb7 65. Qb4+ Kc7 66. Qc5+ Kd7 67. Qb5+ Rc6 68. Qd5+ Rd6 69. Qb7+ Kd8 70. Qb8+ Kd7 71. Qb7+ Ke8 72. Qb5+ Kf7 73. Qb3+ Rde6 74. Qd5 Kf8 75. Qd8+ Re8 76. Qd7 Re3+ 77. Kf2 Re2+ 78. Kf3 R2e7 79. Qd4 Re3+ 80. Kf2 Re2+ 81. Kf1 Re1+ 82. Kf2 R1e5 83. Qd6+ R8e7 84. Qd8+ Kf7 85. Qd6 R5e6 86. Qd4 Ke8 87. Qh8+ Kd7 88. Qd4+ Rd6 89.
Qa7+ Ke6 90. Qa2+ Ke5 91. Qe2+ Kf4 92. Qxe7 Rd2+ 93. Ke1 Rg2 94. Qxh7 Kxg5 95. Qb7 Rh2 96.
h7 f4 97. Qe7+ Kg4 98. Qg7 g5 99. h8=Q Rxh8 100. Qxh8 Kg3 101. Kf1 g4 102. Qe5 Kf3 103. Qe2+ Kg3 104. Qg2+ Kh4 105. Qh2+ Kg5 106. Qh7 g3 107. Kg2 Kg4 108. Qh3+ Kg5 109. Kf3 1-0